General information
- name: BNet
- type: Ladder team game (AT/RT)
- host: Battle.net
- saver: VELOX_NEB
map: Highperch
- players: 6
- length: 35:36
- speed: Fast
- version: 1.21 W3XP
- replay type: Public
» download(191 KB)
Players
team 1 (loser)
BloodyK (
blue | 56 APM | 1976 actions | 35:13)
4 Paladin
2 Devotion Aura
2 Holy Light
» actions
| Assign group hotkey | 20 | |
| Basic commands | 46 | |
| Build / train | 108 | |
| ESC pressed | 7 | |
| Enter build submenu | 23 | |
| Enter hero's abilities submenu | 4 | |
| Right click | 771 | |
| Select / deselect | 657 | |
| Select group hotkey | 257 | |
| Use ability | 82 | |
1976 total
» units
| Peasant | 55 | |
| Knight | 14 | |
| Dragonhawk Rider | 7 | |
| Gryphon Rider | 11 | |
87 total
» upgrades
| Plating | 3 | |
| Swords | 3 | |
| Lumber Harvesting | 1 | |
| Animal War Training | 2 | |
| Cloud | 1 | |
| Armor | 1 | |
11 total
» buildings
| Farm | 13 | |
| Altar of Kings | 1 | |
| Lumber Mill | 1 | |
| Keep | 1 | |
| Blacksmith | 1 | |
| Barracks | 2 | |
| Castle | 1 | |
| Scout Tower | 1 | |
| Arcane Tower | 1 | |
| Town Hall | 1 | |
| Arcane Vault | 1 | |
| Gryphon Aviary | 2 | |
26 total
» build order
00:25 Farm
00:35 Altar of Kings
00:52 Lumber Mill
01:03 Farm
02:17 Keep
02:28 Blacksmith
02:42 Barracks
03:43 Farm
05:01 Castle
06:29 Barracks
06:36 Farm
09:28 Farm
10:06 Farm
11:17 Farm
11:53 Farm
15:21 Scout Tower
15:49 Farm
15:51 Arcane Tower
18:56 Town Hall
26:09 Arcane Vault
26:14 Gryphon Aviary
26:18 Gryphon Aviary
32:34 Farm
32:50 Farm
33:19 Farm
34:46 Farm
» items
| Scroll of Town Portal | 1 | |
| Healing Salve | 1 | |
2 total
Moo_Warrior (
orange | 31 APM | 1113 actions | 35:33)
3 Dark Ranger
2 Black Arrow
1 Life Drain
» actions
| Basic commands | 5 | |
| Build / train | 76 | |
| Enter build submenu | 14 | |
| Enter hero's abilities submenu | 3 | |
| Remove unit from queue | 7 | |
| Right click | 663 | |
| Select / deselect | 313 | |
| Use ability | 31 | |
1113 total
» units
| Peon | 7 | |
| Troll Headhunter/Berserker | 16 | |
| Wind Rider | 6 | |
| Demolisher | 10 | |
| Troll Batrider | 11 | |
50 total
» upgrades
| Ranged Weapons | 2 | |
| Armor | 3 | |
| Troll Regeneration | 1 | |
| Burning Oil | 1 | |
| Berserker Upgrade | 1 | |
| Envenomed Spears | 1 | |
| Liquid Fire | 1 | |
10 total
» buildings
| Altar of Storms | 1 | |
| Orc Burrow | 9 | |
| Barracks | 1 | |
| War Mill | 1 | |
| Stronghold | 1 | |
| Voodoo Lounge | 1 | |
| Beastiary | 1 | |
| Fortress | 1 | |
16 total
» build order
00:13 Altar of Storms
00:19 Orc Burrow
01:01 Barracks
01:50 War Mill
02:42 Orc Burrow
05:05 Stronghold
05:57 Orc Burrow
06:00 Orc Burrow
06:32 Voodoo Lounge
09:37 Beastiary
10:47 Fortress
12:14 Orc Burrow
13:02 Orc Burrow
13:11 Orc Burrow
13:28 Orc Burrow
13:42 Orc Burrow
» items
| Potion of Healing | 1 | |
| Orb of Lightning | 1 | |
| Scroll of Town Portal | 1 | |
3 total

»
silent_N_deadly (
purple | 37 APM | 1293 actions | 35:16)
4 Blademaster
2 Wind Walk
2 Critical Strike
» actions
| Assign group hotkey | 19 | |
| Basic commands | 85 | |
| Build / train | 52 | |
| Enter build submenu | 27 | |
| Enter hero's abilities submenu | 4 | |
| Remove unit from queue | 1 | |
| Right click | 463 | |
| Select / deselect | 272 | |
| Select group hotkey | 273 | |
| Use ability | 97 | |
1293 total
» units
| Peon | 13 | |
| Grunt | 6 | |
| Raider | 7 | |
| Demolisher | 3 | |
| Troll Batrider | 4 | |
33 total
» upgrades
| Pillage | 1 | |
| Melee Weapons | 2 | |
| Armor | 2 | |
| Berserker Strength | 1 | |
| Ensnare | 1 | |
| Ranged Weapons | 2 | |
| Burning Oil | 1 | |
| Reinforced Defenses | 1 | |
11 total
» buildings
| Altar of Storms | 1 | |
| Orc Burrow | 8 | |
| Barracks | 2 | |
| War Mill | 1 | |
| Voodoo Lounge | 1 | |
| Stronghold | 1 | |
| Beastiary | 2 | |
| Fortress | 1 | |
| Watch Tower | 9 | |
| Great Hall | 1 | |
27 total
» build order
00:06 Altar of Storms
00:27 Orc Burrow
00:41 Orc Burrow
01:54 Barracks
01:59 Barracks
02:28 War Mill
03:48 Voodoo Lounge
04:55 Orc Burrow
05:20 Stronghold
06:24 Orc Burrow
07:45 Beastiary
07:48 Beastiary
09:39 Orc Burrow
11:41 Fortress
11:43 Orc Burrow
11:47 Orc Burrow
19:31 Orc Burrow
23:03 Watch Tower
23:06 Watch Tower
23:07 Watch Tower
23:07 Watch Tower
23:09 Watch Tower
23:11 Watch Tower
24:49 Watch Tower
25:51 Watch Tower
28:02 Watch Tower
31:48 Great Hall
team 2 (winner)
erz (
teal | 72 APM | 2575 actions | 35:33)
6 Archmage
3 Blizzard
2 Brilliance Aura
1 Mass Teleport
» actions
| Assign group hotkey | 470 | |
| Basic commands | 41 | |
| Build / train | 112 | |
| ESC pressed | 7 | |
| Enter build submenu | 69 | |
| Enter hero's abilities submenu | 6 | |
| Give item / drop item | 1 | |
| Right click | 910 | |
| Select / deselect | 334 | |
| Select group hotkey | 412 | |
| Use ability | 213 | |
2575 total
» units
| Peasant | 18 | |
| Sorceress | 2 | |
| Priest | 2 | |
| Dragonhawk Rider | 8 | |
30 total
» upgrades
| Masonry | 3 | |
| Lumber Harvesting | 1 | |
| Magic Sentry | 1 | |
| Swords | 3 | |
| Armor | 3 | |
| Sorceress Training | 2 | |
| Priest Training | 2 | |
| Cloud | 1 | |
| Animal War Training | 1 | |
17 total
» buildings
| Altar of Kings | 1 | |
| Lumber Mill | 1 | |
| Farm | 14 | |
| Scout Tower | 98 | |
| Guard Tower | 41 | |
| Keep | 1 | |
| Town Hall | 1 | |
| Arcane Tower | 3 | |
| Arcane Sanctum | 1 | |
| Blacksmith | 1 | |
| Arcane Vault | 1 | |
| Castle | 1 | |
| Gryphon Aviary | 5 | |
| Barracks | 1 | |
170 total
» build order
00:07 Altar of Kings
00:20 Lumber Mill
00:35 Farm
01:09 Farm
01:20 Scout Tower
01:21 Scout Tower
01:23 Scout Tower
01:45 Scout Tower
01:46 Scout Tower
01:48 Scout Tower
01:50 Scout Tower
01:58 Guard Tower
01:58 Guard Tower
02:00 Guard Tower
02:00 Guard Tower
02:00 Guard Tower
02:16 Guard Tower
02:27 Guard Tower
02:35 Scout Tower
02:37 Scout Tower
02:40 Scout Tower
02:42 Scout Tower
02:42 Guard Tower
02:53 Guard Tower
03:09 Guard Tower
03:36 Guard Tower
03:36 Guard Tower
03:44 Guard Tower
03:50 Scout Tower
03:51 Scout Tower
03:52 Scout Tower
03:53 Scout Tower
03:54 Scout Tower
03:55 Scout Tower
03:56 Scout Tower
03:57 Scout Tower
03:58 Scout Tower
04:21 Keep
05:28 Town Hall
05:39 Guard Tower
06:15 Scout Tower
06:17 Scout Tower
06:59 Guard Tower
07:27 Arcane Tower
07:34 Arcane Sanctum
07:45 Arcane Tower
07:47 Guard Tower
07:53 Scout Tower
07:54 Scout Tower
08:11 Blacksmith
08:31 Arcane Vault
09:26 Scout Tower
09:27 Scout Tower
09:28 Guard Tower
09:36 Castle
10:23 Guard Tower
10:41 Scout Tower
10:42 Scout Tower
10:44 Scout Tower
10:45 Scout Tower
10:45 Scout Tower
10:47 Scout Tower
10:48 Scout Tower
10:49 Scout Tower
10:50 Scout Tower
10:51 Scout Tower
10:52 Scout Tower
11:46 Scout Tower
11:48 Guard Tower
12:06 Gryphon Aviary
12:08 Gryphon Aviary
12:57 Guard Tower
12:59 Scout Tower
12:59 Scout Tower
13:00 Scout Tower
13:01 Scout Tower
13:02 Scout Tower
13:02 Scout Tower
13:04 Scout Tower
13:16 Barracks
14:51 Farm
14:52 Farm
14:53 Farm
14:54 Farm
14:55 Farm
14:57 Farm
15:20 Guard Tower
17:25 Farm
17:26 Farm
18:22 Guard Tower
20:44 Farm
20:45 Farm
20:46 Farm
20:47 Farm
21:38 Gryphon Aviary
21:39 Gryphon Aviary
22:14 Gryphon Aviary
27:00 Scout Tower
27:05 Scout Tower
27:32 Scout Tower
27:35 Scout Tower
27:37 Scout Tower
27:39 Scout Tower
27:47 Scout Tower
27:48 Scout Tower
27:57 Scout Tower
28:05 Scout Tower
28:06 Scout Tower
28:11 Guard Tower
28:13 Guard Tower
28:21 Scout Tower
28:29 Scout Tower
28:33 Guard Tower
28:35 Scout Tower
28:38 Guard Tower
29:25 Guard Tower
29:32 Guard Tower
29:35 Scout Tower
29:40 Scout Tower
29:43 Scout Tower
29:44 Scout Tower
29:45 Scout Tower
29:55 Scout Tower
30:23 Guard Tower
30:26 Scout Tower
30:30 Scout Tower
30:31 Scout Tower
30:34 Scout Tower
30:50 Scout Tower
30:52 Scout Tower
30:53 Scout Tower
30:56 Scout Tower
30:59 Scout Tower
31:01 Guard Tower
31:15 Scout Tower
31:17 Scout Tower
31:19 Scout Tower
31:19 Scout Tower
31:21 Scout Tower
31:23 Scout Tower
31:23 Scout Tower
31:24 Scout Tower
31:26 Guard Tower
32:00 Guard Tower
32:11 Guard Tower
32:28 Scout Tower
32:30 Scout Tower
32:35 Scout Tower
32:39 Scout Tower
32:41 Scout Tower
32:42 Scout Tower
32:45 Guard Tower
33:13 Guard Tower
33:37 Guard Tower
33:40 Scout Tower
33:41 Scout Tower
33:49 Scout Tower
33:50 Scout Tower
33:51 Scout Tower
33:56 Scout Tower
33:57 Scout Tower
33:57 Scout Tower
34:15 Guard Tower
34:19 Guard Tower
34:21 Guard Tower
34:44 Guard Tower
35:09 Arcane Tower
35:10 Guard Tower
35:16 Scout Tower
35:26 Scout Tower
» items
| Boots of Speed | 1 | |
| Staff of Teleportation | 1 | |
| Healing Salve | 2 | |
| Lesser Clarity Potion | 1 | |
| Potion of Invisibility | 3 | |
| Scroll of Town Portal | 1 | |
| Orb of Lightning | 1 | |
10 total
VELOX_NEB (
red | 60 APM | 2125 actions | 35:36)
5 Blademaster
3 Wind Walk
2 Critical Strike
» actions
| Assign group hotkey | 6 | |
| Basic commands | 222 | |
| Build / train | 90 | |
| Enter build submenu | 60 | |
| Enter hero's abilities submenu | 5 | |
| Give item / drop item | 3 | |
| Remove unit from queue | 5 | |
| Right click | 1135 | |
| Select / deselect | 350 | |
| Select group hotkey | 118 | |
| Use ability | 131 | |
2125 total
» units
| Peon | 17 | |
| Wind Rider | 17 | |
| Troll Batrider | 20 | |
54 total
» upgrades
| Ranged Weapons | 3 | |
| Armor | 3 | |
| Liquid Fire | 1 | |
| Envenomed Spears | 1 | |
8 total
» buildings
| Altar of Storms | 1 | |
| Orc Burrow | 9 | |
| War Mill | 1 | |
| Watch Tower | 40 | |
| Stronghold | 1 | |
| Voodoo Lounge | 1 | |
| Great Hall | 1 | |
| Beastiary | 2 | |
| Fortress | 1 | |
57 total
» build order
00:08 Altar of Storms
00:24 Orc Burrow
00:37 War Mill
01:51 Watch Tower
01:53 Watch Tower
02:06 Orc Burrow
02:33 Watch Tower
03:08 Watch Tower
03:12 Watch Tower
03:36 Watch Tower
04:12 Watch Tower
04:31 Watch Tower
04:35 Stronghold
04:39 Watch Tower
04:41 Watch Tower
04:43 Watch Tower
05:18 Voodoo Lounge
05:35 Orc Burrow
05:39 Watch Tower
06:00 Watch Tower
07:00 Great Hall
07:06 Watch Tower
07:15 Watch Tower
07:35 Watch Tower
07:38 Beastiary
07:40 Beastiary
07:43 Fortress
07:45 Orc Burrow
09:08 Watch Tower
09:11 Watch Tower
09:36 Watch Tower
10:15 Watch Tower
10:26 Watch Tower
11:09 Watch Tower
11:40 Watch Tower
11:58 Watch Tower
12:49 Watch Tower
12:52 Watch Tower
13:05 Watch Tower
14:11 Watch Tower
14:42 Watch Tower
14:44 Watch Tower
16:18 Watch Tower
16:20 Watch Tower
22:38 Watch Tower
22:39 Watch Tower
22:39 Watch Tower
22:43 Watch Tower
22:44 Watch Tower
22:45 Watch Tower
22:47 Watch Tower
24:26 Watch Tower
28:08 Orc Burrow
28:10 Orc Burrow
28:13 Orc Burrow
28:15 Orc Burrow
28:17 Orc Burrow
» items
| Boots of Speed | 1 | |
| Lesser Clarity Potion | 5 | |
| Healing Salve | 4 | |
| Staff of Teleportation | 1 | |
| Orb of Lightning | 1 | |
| Potion of Lesser Invulnerability | 3 | |
15 total
Wachepti (
yellow | 41 APM | 1462 actions | 35:33)
4 Warden
2 Shadow Strike
2 Blink
» actions
| Assign group hotkey | 15 | |
| Basic commands | 4 | |
| Build / train | 75 | |
| Enter build submenu | 13 | |
| Enter hero's abilities submenu | 4 | |
| Give item / drop item | 3 | |
| Right click | 987 | |
| Select / deselect | 186 | |
| Select group hotkey | 50 | |
| Use ability | 125 | |
1462 total
» units
| Wisp | 13 | |
| Druid of the Talon | 40 | |
53 total
» upgrades
| Druid of the Talon Training | 2 | |
| Well Spring | 1 | |
| Ultravision | 1 | |
| Strength of the Wild | 1 | |
| Reinforced Hides | 1 | |
6 total
» buildings
| Altar of Elders | 1 | |
| Moon Well | 8 | |
| Tree of Ages | 1 | |
| Tree of Life | 1 | |
| Tree of Eternity | 1 | |
| Ancient of Wind | 2 | |
| Hunter's Hall | 1 | |
15 total
» build order
00:02 Altar of Elders
00:16 Moon Well
02:18 Moon Well
04:51 Moon Well
04:51 Moon Well
04:56 Moon Well
05:45 Tree of Ages
06:14 Moon Well
07:00 Tree of Life
08:56 Tree of Eternity
08:58 Ancient of Wind
09:01 Ancient of Wind
11:22 Hunter's Hall
11:37 Moon Well
24:41 Moon Well
» items
| Healing Salve | 2 | |
| Staff of Teleportation | 1 | |
| Boots of Speed | 1 | |
| Lesser Clarity Potion | 1 | |
| Tiny Great Hall | 1 | |
| Orb of Lightning | 1 | |
| Scroll of Town Portal | 1 | |
| Potion of Lesser Invulnerability | 1 | |
9 total
Chat log
(00:08 / Allies) Wachepti: nice
(00:11 / Allies) VELOX_NEB: you were saying
(00:20 / All) VELOX_NEB: GL HF FRIENDS :D
(00:24 / All) Wachepti: gl hf
(00:24 / All) silent_N_deadly: u too!
(00:29 / All) BloodyK: u 2
(00:36 / All) Moo_Warrior: same to u
(00:52 / Allies) VELOX_NEB: feed us wach
(00:56 / Allies) VELOX_NEB: i got right, naturally
(00:56 / Allies) Wachepti: yah yah
(01:04 / Allies) VELOX_NEB: FUCKING FEED US I SAID
(01:13 / Allies) Wachepti: I am yo
(01:25 / Allies) VELOX_NEB: NONE OF THAT BACKTALK
(01:33 / Allies) Wachepti: you know what mister
(01:37 / Allies) Wachepti: dont make me take this wood and go home
(03:01 / Allies) Wachepti: oh man kill that pally
(03:05 / Allies) VELOX_NEB: hells yeah
(03:29 / Allies) Wachepti: ahahaha
(04:34 / Allies) Wachepti: got him ehe
(04:42 / Allies) Wachepti: nvm
(05:47 / Allies) erz: lum
(05:49 / All) Moo_Warrior: lol
(06:04 / All) Wachepti: damn bro you got me
(06:05 / Allies) VELOX_NEB: sight towers my side erz
(06:31 / Allies) Wachepti: takin I guess
(09:28 / Allies) Wachepti: need more towers
(13:26 / Allies) erz: lum
(13:31 / Allies) erz: tell me if u need gold
(13:35 / Allies) Wachepti: a lil
(13:37 / Allies) Wachepti: 500?
(13:50 / Allies) Wachepti: dayum
(14:07 / Allies) Wachepti: gonne kill that pally yo
(14:16 / Allies) Wachepti: or maybe not...
(20:22 / Allies) Wachepti: bout to go 100 food
(20:32 / Allies) erz: do u need gold
(20:35 / Allies) Wachepti: nah
(21:11 / Allies) erz: creep rest of map that you can
(21:13 / Allies) erz: may as well
(21:45 / Allies) Wachepti: check their expos?
(24:53 / Allies) VELOX_NEB: wood?
(24:55 / Allies) VELOX_NEB: please
(24:56 / Allies) VELOX_NEB: lots
(25:09 / Allies) VELOX_NEB: 4000 gold left
(25:13 / Allies) VELOX_NEB: going 100 soon
(25:15 / Allies) VELOX_NEB: perch?
(25:16 / Allies) Wachepti: going up
(25:31 / Allies) VELOX_NEB: erz
(25:35 / Allies) VELOX_NEB: can you set up?
(25:36 / Allies) erz: sup
(25:40 / Allies) erz: ya
(25:42 / Allies) VELOX_NEB: bah
(25:44 / Allies) VELOX_NEB: nvm
(25:48 / Allies) erz: wut
(25:50 / Allies) VELOX_NEB: better to use hu hall
(25:57 / Allies) erz: why
(25:59 / Allies) VELOX_NEB: okay, we're perched
(26:01 / Allies) VELOX_NEB: tougher
(26:03 / Allies) VELOX_NEB: basically
(26:08 / Allies) VELOX_NEB: and builds peasants
(26:54 / All) VELOX_NEB: you guys like dota/
(27:01 / All) silent_N_deadly: it decent
(27:19 / Allies) Wachepti: let them through ?
(27:23 / Allies) VELOX_NEB: no
(27:27 / Allies) VELOX_NEB: we're not mined out yet
(27:29 / Allies) Wachepti: eh still gold left in the mine I guess
(27:53 / Allies) VELOX_NEB: haha
(27:55 / Allies) VELOX_NEB: they learn
(30:17 / All) VELOX_NEB: NOT BAD GUYS :d
(30:21 / All) Wachepti: close....
(30:27 / All) VELOX_NEB: or should i say "gays"?
(30:33 / All) silent_N_deadly: shut up. ur strat is horrid and ur lucky we didnt attack sooner.
(30:44 / All) Moo_Warrior: wow u know...
(30:46 / All) VELOX_NEB: well it's better that you attack late
(30:53 / All) VELOX_NEB: because, you know, you lose more that way
(30:55 / All) Moo_Warrior: abusing rigged heros?
(30:56 / All) silent_N_deadly: 1st of all
(30:58 / All) silent_N_deadly: im not human
(30:59 / All) VELOX_NEB: from our perspective that is
(31:01 / All) silent_N_deadly: 2nd of all
(31:02 / All) Wachepti: rigggggged
(31:04 / All) Wachepti: rigged
(31:09 / All) silent_N_deadly: which explains the towers and newb heroes
(31:11 / All) VELOX_NEB: i think we're doing okay...
(31:18 / All) silent_N_deadly: 3 u cant use ur heroes for shit
(31:28 / All) Wachepti: that is not true I am a pro dota player
(31:32 / Allies) VELOX_NEB: oh 3...
(31:34 / All) Wachepti: I am amazing with my hero stfu
(31:37 / All) Moo_Warrior: LOL!!!
(31:38 / All) VELOX_NEB: what's 4?
(31:45 / All) Moo_Warrior: LAWL MUTHER FUCKING LAWL!!!!
(31:52 / All) Moo_Warrior: PRO DOTA!!!
(31:57 / All) Moo_Warrior: DOTA DONT MEAN SHIT!!1
(31:58 / All) silent_N_deadly: rofl id kill u at dota
(31:59 / All) VELOX_NEB: welp
(32:07 / All) Wachepti: I make 1000 bux a month thats not bad for a hobby imo
(32:07 / All) Moo_Warrior: THIS IS FUCKING AT U STUPID BITCH!!
(32:14 / All) VELOX_NEB: we expect you pro types non noob towering guys to crush us forthwith
(32:20 / All) Moo_Warrior: GO BEAT OFF TO DOTA SOME MORE STUPID PRICK!!!
(32:20 / All) VELOX_NEB: i await with bated breath
(32:38 / All) Wachepti: I don't know, with the sad competition in at I might just do this for a while
(32:53 / Allies) VELOX_NEB: you wach
(33:00 / Allies) VELOX_NEB: i got a mana pendant for you
(33:00 / Allies) Wachepti: wut
(33:04 / Allies) Wachepti: hawt
(33:33 / Allies) Wachepti: tnx kindly
(34:23 / Allies) VELOX_NEB: ready to kill off towers?
(34:29 / Allies) Wachepti: let them kill htem
(34:32 / Allies) VELOX_NEB: no
(34:36 / Allies) VELOX_NEB: gives them exp
(34:41 / Allies) VELOX_NEB: and we've pissed them off alrteady
(34:45 / Allies) Wachepti: who cares, they lost
(34:46 / Allies) VELOX_NEB: they're not leaving soon
(34:48 / Allies) erz: bm with 5hp
(34:57 / Allies) Wachepti: e'll die at towers
(34:58 / Allies) VELOX_NEB: get everything you need guys
(34:59 / Allies) Wachepti: he'll
(35:17 / All) erz: gg
(35:19 / All) VELOX_NEB: awww
(35:19 / All) Moo_Warrior: bleg
(35:21 / All) Wachepti: gg nuggz
(35:24 / All) VELOX_NEB: gg gays
(35:31 / All) Moo_Warrior: lawl u fags make me laugh
(35:33 / All) Wachepti: c'mon though